 Dungeon Crawl Stone Soup version 0.30-a0-782-ge64f9170bb (webtiles) character file.

Game seed: 9974694159923045712

1178 HoaS the Skirmisher (level 8, 0/44 HPs)
             Began as a Kobold Hunter on Mar 12, 2023.
             Slain by Pikel
             ... wielding a +2 whip of freezing
              (1 damage)
             ... on level 4 of the Dungeon.
             The game lasted 00:09:28 (4910 turns).

HoaS the Skirmisher (Kobold Hunter)                 Turns: 4910, Time: 00:09:29

Health: 0/44       AC:  5    Str:  8    XL:     8   Next: 69%
Magic:  8/8        EV: 14    Int: 10    God:
Gold:   344        SH:  0    Dex: 21    Spells: 7/7 levels left

rFire   . . .      SeeInvis .    a - +2 shortbow
rCold   . . .      Faith    .    (shield currently unavailable)
rNeg    . . .      Spirit   .    c - +0 leather armour
rPois   .          Reflect  .    e - +0 helmet
rElec   .          Harm     .    (no cloak)
rCorr   .          Rampage  .    (no gloves)
Will    .....                    m - +0 pair of boots
Stlth   +++                      (no amulet)
HPRegen 0.27/turn                i - ring of flight
MPRegen 0.11/turn                (no ring)

@: flying
A: small, no large weapons, nightstalker 3
a: no special abilities


You were on level 4 of the Dungeon.
You visited 1 branch of the dungeon, and saw 5 of its levels.
You also visited: Sewer.

You collected 344 gold pieces.

Inventory:

Hand Weapons
 a - a +2 shortbow (weapon)
 d - a +4 triple crossbow of freezing
Armour
 c - a +0 leather armour (worn)
 e - a +0 helmet (worn)
 m - a +0 pair of boots (worn)
Jewellery
 i - a ring of flight (left hand)
 l - a ring of ice
 o - an amulet of magic regeneration
Scrolls
 b - 2 scrolls of immolation
 g - 2 scrolls of blinking
 k - 3 scrolls of identify
Potions
 f - a potion of heal wounds
 h - a potion of resistance
 j - a potion of attraction
 n - a potion of cancellation


   Skills:
 - Level 2.1 Fighting
 + Level 13.6 Ranged Weapons
 - Level 2.4 Dodging
 - Level 1.3 Stealth


You had 7 spell levels left.
You didn't know any spells.
Your spell library contained the following spells:

 Spells                   Type           Power      Damage    Failure   Level
 Cause Fear               Hex            0%         N/A       99%         4
 Dragon Form              Tmut           0%         N/A       100%        7
 Dragon's Call            Summ           0%         N/A       100%        9


Dungeon Overview and Level Annotations

Branches:
Dungeon (5/15)              Sewer (visited)
 Temple: D:4-7

Altars:
Ashenzari
Trog

Shops:
D:2 *

Annotations:
D:4 Pikel


Innate Abilities, Weirdness & Mutations

You are small and have problems with some larger weapons.
You are completely attuned to the shadows.


Message History

You shoot an arrow. The arrow hits Pikel.
Pikel is moderately wounded.
Pikel closely misses you.
You shoot an arrow. The arrow completely misses Pikel.
Pikel closely misses you.
You shoot an arrow. The arrow hits Pikel!
Pikel is heavily wounded.
You shoot an arrow. The arrow barely misses Pikel.
Pikel barely misses you.
You shoot an arrow. The arrow barely misses Pikel.
Pikel hits you with a +2 whip of freezing.
Pikel freezes you.
You shoot an arrow. The arrow hits Pikel!
Pikel is almost dead.
Pikel barely misses you.
You shoot an arrow. The arrow closely misses Pikel.
Pikel hits you with a +2 whip of freezing.
Pikel freezes you.
You shoot an arrow.
The arrow hits Pikel but does no damage.
Pikel is severely wounded.
Pikel hits you with a +2 whip of freezing.
Pikel freezes you.
You shoot an arrow.
The arrow hits Pikel but does no damage.
Pikel is severely wounded.
Pikel hits you with a +2 whip of freezing!
Pikel freezes you.
You are too injured to fight recklessly!
You are too injured to fight recklessly!
You are too injured to fight recklessly!
You shoot an arrow. The arrow misses Pikel.
Pikel hits you with a +2 whip of freezing.
Pikel freezes you.
* * * LOW HITPOINT WARNING * * *
You shoot an arrow. The arrow barely misses Pikel.
You shoot an arrow. The arrow barely misses Pikel.
Pikel hits you with a +2 whip of freezing!
* * * LOW HITPOINT WARNING * * *
Pikel freezes you.
You die... gg........

.#.####.. #..#g...#
...8.. #...~P.# ..
#.#.## #...K. #
~≈~~.. .###....#
#..... ≈~~≈.# #
##.#....# #.....
~~~≈.# ## ##.⌠'.##.#
#.# ~~~~P#
.#'#...#.##.# #.#
....P# ..'...##.##.#
#K# ##.###
.....##.....####@#
#.⌠.##...........####
##.##..########......
.#'#....#######.###.#
..'.............#
........#######.#
##......# #...
##......# #####
#########


You could see Pikel.

Vanquished Creatures
  A black bear (D:5)
  An ogre (D:5)
  4 lemures (D:4)
  A water moccasin zombie (D:4)
  A bullfrog (Sewer)
  4 scorpions
  3 hounds
  2 gnoll boudas
  4 orc priests
  An iguana (D:5)
  A hound skeleton (D:4)
  10 gnolls
  A howler monkey skeleton (D:4)
  7 adders
  4 ufetubi
  2 adder skeletons (D:4)
  2 worms
  3 dart slugs
  13 orcs
  13 ball pythons
  14 endoplasms
  12 giant cockroaches
  7 hobgoblins
  9 quokkas
  7 bats
  10 frilled lizards
  9 goblins
  7 kobolds
  4 rats
157 creatures vanquished.

Vanquished Creatures (others)
  2 withered plants (D:4)
2 creatures vanquished.

Grand Total: 159 creatures vanquished

Notes
Turn   | Place    | Note
-------+----------+-------------------------------------------
     0 | D:1      | HoaS the Kobold Hunter began the quest for the Orb.
     0 | D:1      | Reached XP level 1. HP: 12/12 MP: 1/1
    90 | D:1      | Reached skill level 6 in Ranged Weapons
    90 | D:1      | Reached XP level 2. HP: 17/17 MP: 2/2
   535 | D:1      | Reached XP level 3. HP: 21/21 MP: 3/3
  1177 | D:2      | Reached skill level 7 in Ranged Weapons
  1186 | D:2      | Reached XP level 4. HP: 26/26 MP: 4/4
  1209 | D:2      | Found Nimur's General Store.
  1482 | D:2      | Found a faded altar of an unknown god.
  1666 | D:3      | Identified a scroll of acquirement
  1666 | D:3      | Acquired a +4 triple crossbow of freezing
  1765 | D:3      | Noticed a scorpion
  1779 | D:3      | Reached skill level 8 in Ranged Weapons
  1779 | D:3      | Reached XP level 5. HP: 19/30 MP: 5/5
  1964 | D:3      | Reached skill level 9 in Ranged Weapons
  1964 | D:3      | Reached XP level 6. HP: 18/35 MP: 6/6
  2094 | D:3      | Found a glowing drain.
  2098 | Sewer    | Entered a sewer
  2358 | Sewer    | Reached skill level 10 in Ranged Weapons
  2365 | Sewer    | Identified the ring of Kikubaaqudgha's Esteem {MP+9 Int+6}
  2605 | D:3      | Found a broken altar of Ashenzari.
  2605 | D:3      | Found a bloodstained altar of Trog.
  2889 | D:3      | Reached XP level 7. HP: 34/40 MP: 7/7
  3158 | D:4      | Reached skill level 11 in Ranged Weapons
  3487 | D:4      | Noticed Pikel
  3490 | D:5      | Entered Level 5 of the Dungeon
  3505 | D:5      | Reached XP level 8. HP: 44/44 MP: 8/8
  3603 | D:5      | Reached skill level 12 in Ranged Weapons
  4147 | D:5      | Reached skill level 13 in Ranged Weapons
  4910 | D:4      | HP: 1/44 [Pikel/+2 whip of freezing (10)]
  4910 | D:4      | Slain by Pikel

Illustrated notes

Levels and vault maps discovered:
D:1:      minmay_arrival_loop, layout_loops_corners
D:2:      layout_basic, serial_shops, nicolae_shop_stone, basic_ecumenical_altar
D:3:      layout_loops_ring, gammafunk_temple_overflow_statue,
          gup_sewer_entry_bowl, minmay_joined_circles
D:4:      layout_loops_ring, serial_undead, serial_undead_f, serial_undead_d,
          serial_undead_b, serial_undead_d, grunt_decor_arrowhead, uniq_pikel
D:5:      layout_loops_cross

Skill      XL: |  1  2  3  4  5  6  7  8 |
---------------+-------------------------+-----
Ranged Weapons | 6 7 8 9 10 11 13 | 13.6
Fighting       | |  2.1
Dodging        | |  2.4
Stealth        | |  1.3

Action                     |  1- 3 |  4- 6 |  7- 9 || total
---------------------------+-------+-------+-------++-------
   Fire: Shortbow          |    53 |   167 |   218 ||   438
    Use: Scroll            |     5 |     7 |     6 ||    18
         Potion            |       |     1 |     1 ||     2
 Armour: Leather armour    |     2 |    21 |    27 ||    50
  Dodge: Dodged            |     9 |    71 |    76 ||   156

Table legend: (Time is in decaauts)
 A = Elapsed time spent in this place.
 B = Non-inter-level travel time spent in this place.
 C = Inter-level travel time spent in this place.
 D = Time resting spent in this place.
 E = Time spent auto-exploring this place.
 F = Levels seen in this place.
 G = Mean time per level.
                   A        B        C        D        E       F      G
               +--------+--------+--------+--------+--------+-----+--------+
         Total |   4933 |   4851 |     82 |    795 |   3133 |   6 |  822.2 |
       Dungeon |   4594 |   4512 |     82 |    768 |   2990 |   5 |  918.8 |
         Sewer |    339 |    339 |      0 |     27 |    143 |   1 |  339.0 |
               +--------+--------+--------+--------+--------+-----+--------+

Top non-repeatable levels by time:
     D:1: 1039 daAuts
     D:5: 1023 daAuts
     D:4: 992 daAuts
     D:3: 896 daAuts
     D:2: 642 daAuts
   Sewer: 339 daAuts
